 Dungeon Crawl Stone Soup version 0.28.0-45-g0d030f2227 (webtiles) character file.

Game seed: 15597739109865291650

195 mcbry74 the Firebug (level 5, -10/38 HPs)
             Began as a Hill Orc Fire Elementalist on May 6, 2022.
             Mangled by Sigmund
             ... wielding a +4 vorpal scythe
              (11 damage)
             ... on level 2 of the Dungeon.
             The game lasted 00:11:12 (2963 turns).

mcbry74 the Firebug (Hill Orc Fire Elementalist)    Turns: 2963, Time: 00:11:13

Health: -10/38     AC:  2    Str: 11    XL:     5   Next: 74%
Magic:  7/7        EV: 12    Int: 17    God:
Gold:   103        SH:  0    Dex: 11    Spells: 6/7 levels left

rFire   . . .      SeeInvis .   c - +3 dagger (pain)
rCold   . . .      Faith    .   (no shield)
rNeg    . . .      Spirit   .   a - +0 robe
rPois   .          Reflect  .   (no helmet)
rElec   .          Harm     .   (no cloak)
rCorr   .          Rampage  .   (no gloves)
Will    .....                   (no boots)
Stlth   +.........              (no amulet)
HPRegen 0.12/turn               (no ring)
MPRegen 0.10/turn               (no ring)

@: silenced
A: no striking features
a: no special abilities


You were on level 2 of the Dungeon.
You visited 1 branch of the dungeon, and saw 2 of its levels.

You collected 103 gold pieces.

Inventory:

Hand Weapons
 c - a +3 dagger of pain (weapon)
Missiles
 e - 10 stones
Armour
 a - a +0 robe (worn)
Wands
 h - a wand of flame (15)
Scrolls
 d - a scroll of noise
 g - 3 scrolls of teleportation
 j - a scroll of amnesia {unknown}
Potions
 f - a potion of flight {unknown}
 k - a potion of magic {unknown}


   Skills:
 + Level 2.0 Short Blades
 - Level 1.5 Dodging
 - Level 1.5 Stealth
 - Level 1.5 Spellcasting
 + Level 2.8 Conjurations
 * Level 5.5 Fire Magic


You had 6 spell levels left.
You knew the following spells:

 Your Spells              Type           Power      Damage    Failure   Level
a - Foxfire               Conj/Fire      60%        2x1d7     3%          1

Your spell library contained the following spells:

 Spells                   Type           Power      Damage    Failure   Level
 Scorch                   Fire           40%        2d7       3%          2
 Conjure Flame            Conj/Fire      15%        6-21      11%         3
 Inner Flame              Hex/Fire       10%        N/A       21%         3
 Flame Wave               Conj/Fire      15%        2d6       36%         4


Dungeon Overview and Level Annotations

Branches:
Dungeon (2/15)

Altars:

Annotations:
D:2 Sigmund


Message History

You can't see any enemies this would affect, really read the scroll of silence?
Okay, then.
As you read the scroll of silence, it crumbles to dust.
A profound silence engulfs you.
Unknown command.
Sigmund barely misses you.
You barely miss Sigmund.
Sigmund hits you with a +4 vorpal scythe.
You barely miss Sigmund. You hit Sigmund.
Sigmund is lightly wounded.
Sigmund barely misses you.
You hit Sigmund.
Sigmund is lightly wounded.
Sigmund barely misses you.
You hit Sigmund.
Sigmund is moderately wounded.
You hit Sigmund.
Sigmund is heavily wounded.
Sigmund hits you with a +4 vorpal scythe.
You closely miss Sigmund.
Sigmund is heavily wounded.
You barely miss Sigmund.
Sigmund is heavily wounded.
Sigmund hits you with a +4 vorpal scythe!
You hit Sigmund.
Sigmund is heavily wounded.
Sigmund closely misses you.
You hit Sigmund.
Sigmund is severely wounded.
You closely miss Sigmund.
Sigmund is severely wounded.
Sigmund hits you with a +4 vorpal scythe!
* * * LOW HITPOINT WARNING * * *
x2 You hit Sigmund.
Sigmund is severely wounded.
You hit Sigmund.
Sigmund is almost dead.
Sigmund hits you with a +4 vorpal scythe!
You die...

#....###.........# ##.#
#######..####..##...<### #..
......†.......###....#### #..
#..........######.##....######...
.<..........###...#####...h.†..
............#...### #######.#
...........(#.###
#..........##..########
##...##...##....@@....#
###########............
#..........## #..........#
############


You could see Sigmund.

Vanquished Creatures
  Jessica (D:2)
  Natasha (thrice) (D:2)
  4 gnolls (D:2)
  An adder (D:2)
  2 worms (D:2)
  2 dart slugs
  5 ball pythons
  5 endoplasms
  A goblin (D:1)
  3 hobgoblins
  4 jackals (D:2)
  A quokka (D:2)
  3 bats
  4 kobolds
  6 rats
45 creatures vanquished.

Vanquished Creatures (others)
  85 foxfires
85 creatures vanquished.

Grand Total: 130 creatures vanquished

Notes
Turn   | Place    | Note
-------+----------+-------------------------------------------
     0 | D:1      | mcbry74 the Hill Orc Fire Elementalist began the quest for
                  | the Orb.
     0 | D:1      | Reached XP level 1. HP: 14/14 MP: 3/3
   239 | D:1      | Reached XP level 2. HP: 16/20 MP: 1/4
   626 | D:1      | Reached skill level 4 in Fire Magic
  1317 | D:2      | Reached XP level 3. HP: 26/26 MP: 2/5
  1429 | D:2      | Noticed Sigmund
  1481 | D:2      | Noticed Natasha
  1488 | D:2      | Killed Natasha
  1509 | D:2      | Noticed Natasha
  1515 | D:2      | Killed Natasha
  1516 | D:2      | Reached skill level 1 in Short Blades
  1516 | D:2      | Reached XP level 4. HP: 29/33 MP: 1/6
  1601 | D:2      | Noticed Natasha
  1606 | D:2      | Killed Natasha
  1731 | D:2      | Noticed Jessica
  1735 | D:2      | Reached skill level 5 in Fire Magic
  1736 | D:2      | Killed Jessica
  1737 | D:2      | Reached XP level 5. HP: 38/38 MP: 2/7
  2147 | D:2      | Found a faded altar of an unknown god.
  2961 | D:2      | HP: 1/38 [Sigmund/+4 vorpal scythe (1)]
  2963 | D:2      | Mangled by Sigmund

Illustrated notes

Levels and vault maps discovered:
D:1:      lightli_iron_boxes, layout_basic, chequers_serial_rivers_large_a
D:2:      layout_rooms, nicolae_ecumenical_snake_handling, uniq_natasha,
          uniq_jessica, uniq_sigmund

Skill      XL: |  1  2  3  4  5 |
---------------+----------------+-----
Fire Magic     | 4 5 |  5.5
Conjurations   | 2 |  2.8
Short Blades   | 1 2 |  2.0
Dodging        | |  1.5
Stealth        | |  1.5
Spellcasting   | |  1.5

Action                   |  1- 3 |  4- 6 || total
-------------------------+-------+-------++-------
Melee: Dagger            |    27 |    46 ||    73
 Cast: Foxfire           |    25 |    25 ||    50
  Use: Scroll            |       |     4 ||     4
 Stab: Sleeping          |     2 |       ||     2
Armor: Robe              |     8 |     6 ||    14
Dodge: Dodged            |    13 |    25 ||    38
